 Dungeon Crawl Stone Soup version 0.25.1-2-g60ff931df9 (webtiles) character file.

Game seed: 8626320288552077438

6609 raphialitos the Cleaver (level 10, -3/90 HPs)
             Began as a Minotaur Fighter on Oct 28, 2020.
             Was a Priest of Ru.
             Killed from afar by an orc sorcerer (21 damage)
             ... with a bolt of negative energy
             ... on level 1 of the Orcish Mines on Oct 29, 2020.
             The game lasted 00:26:17 (8004 turns).

raphialitos the Cleaver (Minotaur Fighter)          Turns: 8004, Time: 00:26:18

Health: -3/90      AC: 15    Str: 23    XL:     10   Next: 71%
Magic:  10/10      EV:  9    Int:  5    God:    Ru [***...]
Gold:   400        SH: 11    Dex: 11    Spells: 5/10 levels left

rFire    . . .     SeeInvis .   a - +1 war axe
rCold    . . .     Gourm    .   c - +0 kite shield
rNeg     . . .     Faith    .   b - +0 scale mail
rPois    .         Spirit   .   E - +1 hat
rElec    .         Reflect  .   i - +0 cloak
rCorr    .         Harm     .   (no gloves)
MR       .....                  v - +0 pair of boots
Stlth    ..........             (no amulet)
HPRegen  0.25/turn              o - +4 ring of protection
MPRegen  0.12/turn              F - ring of wizardry

@: heavily drained
A: retaliatory headbutt, horns 2, no stealth, hated by all, missing an eye
a: Draw Out Power, Renounce Religion


You were on level 1 of the Orcish Mines.
You worshipped Ru.
Ru was most pleased with you.
You were not hungry.

You visited 2 branches of the dungeon, and saw 10 of its levels.

You collected 400 gold pieces.

Inventory:

Hand Weapons
 a - a +1 war axe (weapon)
 m - a +0 arbalest
 u - a +0 hunting sling
Missiles
 g - 10 poisoned darts
 q - 72 sling bullets
 r - 215 arrows
 s - 4 boomerangs (quivered)
 t - 32 bolts
Armour
 b - a +0 scale mail (worn)
 c - a +0 kite shield (worn)
 i - a +0 cloak (worn)
 v - a +0 pair of boots (worn)
 E - a +1 hat (worn)
Jewellery
 o - a +4 ring of protection (left hand)
 y - an uncursed ring of see invisible
 F - a ring of wizardry (right hand)
Wands
 h - a wand of enslavement (16)
 l - a wand of digging (6)
 B - a wand of paralysis (13)
 H - a wand of flame (12)
Scrolls
 z - a scroll of fog
 C - 2 scrolls of blinking {unknown}
 D - 2 scrolls of remove curse
 I - 2 scrolls of identify
Potions
 d - 4 potions of might
 e - 2 potions of curing
 j - a potion of haste
 k - 6 potions of heal wounds
 n - a potion of mutation {unknown}
 p - 2 potions of lignification
 w - a potion of brilliance {unknown}
 x - a potion of ambrosia
 G - a potion of flight {unknown}
 J - 2 potions of stabbing {unknown}
Comestibles
 f - 15 rations
 A - 5 chunks of flesh


   Skills:
 + Level 8.7(7.0) Fighting
 + Level 12.7(10.8) Axes
 + Level 1.3(0.1) Slings
 + Level 1.1(0.0) Throwing
 + Level 8.0(6.3) Armour
 + Level 4.6(3.1) Dodging
 + Level 8.8(7.1) Shields
 + Level 0.7(0.0) Spellcasting
 + Level 0.6(0.0) Charms


You had 5 spell levels left.
You knew the following spells:

 Your Spells              Type           Power        Failure   Level  Hunger
a - Infusion              Chrm           #...         77%         1    ##.....
b - Shroud of Golubria    Chrm/Tloc      #.....       88%         2    ###....
c - Song of Slaying       Chrm           #.......     88%         2    ###....

Your spell library contained the following spells:

 Spells                   Type           Power        Failure   Level  Hunger
 Ozocubu's Armour         Chrm/Ice       #.......     98%         3    ####...
 Spectral Weapon          Hex/Chrm       #.......     98%         3    ####...


Dungeon Overview and Level Annotations

Branches:
Dungeon (10/15)            Temple (0/1) D:5             Orc (1/2) D:10
   Lair: D:8-11

Altars:
Cheibriados
Gozag
Makhleb
Okawaru
Ru
Xom

Shops:
D:5 :   Orc:1 (


Innate Abilities, Weirdness & Mutations

You reflexively headbutt those who attack you in melee.
You have a pair of horns on your head.
You cannot be stealthy.
You are hated by all.
You are missing an eye, making it more difficult to aim.


Message History

* * * LOW HITPOINT WARNING * * *
You closely miss the orc sorcerer.
The orc sorcerer is lightly wounded.
Unknown command.
You block the orc sorcerer's attack.
You closely miss the orc sorcerer. You headbutt the orc sorcerer!
The orc sorcerer is heavily wounded.
The orc sorcerer casts a spell at you. The bolt of negative energy hits you.
You feel drained.
* * * LOW HITPOINT WARNING * * *
The orc sorcerer hits you but does no damage.
Ru believes you are ready to make a new sacrifice.
Ru asks you to sacrifice an eye.
This is a modest sacrifice.
Piety after sacrifice: ***...
Do you really want to make this sacrifice?
Your right eye vanishes!
The world loses its depth.
You can now heal your body and restore your magic.
The orc sorcerer gestures at you while chanting.
The bolt of negative energy hits you!!
You feel drained.
You die...

.... $.##.# ##...
#...... .##....
.......
.......#.......
........$....#.
............... #
##...........
.#.##....†8....#
.....#...@o....#.
........8.∩>8....
.#...<.........
#........$8......
.#...............
#.............#.
...........>.....
.##...........$..
.............#..


You could see an orc sorcerer.

Vanquished Creatures
  A two-headed ogre (D:10)
  An ugly thing (D:9)
  Maurice (D:8)
  A troll (Orc:1)
  A hippogriff (D:7)
  A vampire (D:10)
  Eustachio (D:6)
  A human (D:8)
  4 hogs (D:8)
  Edmund (D:5)
  3 orc warriors
  Duvessa (D:7)
  A sky beast (D:5)
  A necrophage (D:5)
  5 ice beasts
  4 ogres
  2 phantoms
  5 centaurs
  A big kobold (D:7)
  3 bullfrogs
  A gnoll sergeant (D:9)
  Dowan (D:7)
  3 scorpions
  3 killer bees (D:7)
  A howler monkey (D:5)
  2 bullfrog zombies
  6 hounds
  Crazy Yiuf (D:6)
  4 crimson imps
  A bullfrog skeleton (D:5)
  2 orc priests
  2 iguanas
  5 orc wizards
  7 worker ants
  2 hound zombies
  A hound skeleton (D:9)
  A howler monkey zombie (D:6)
  A worker ant zombie (D:6)
  12 gnolls
  7 adders
  3 shadow imps
  An ooze (D:1)
  An adder zombie (D:6)
  A worm (D:6)
  A dart slug (D:1)
  2 leopard geckos (D:1)
  41 orcs
  2 ball pythons (D:4)
  A giant cockroach (D:2)
  5 goblins
  4 hobgoblins (D:1)
  4 jackals
  11 kobolds
  3 quokkas
  2 bats (D:1)
  2 frilled lizards (D:1)
  A giant cockroach zombie (D:6)
  A jackal skeleton (D:6)
  A jackal zombie (D:6)
  2 quokka skeletons
  4 rats (D:1)
195 creatures vanquished.

Notes
Turn   | Place    | Note
-------+----------+-------------------------------------------
     0 | D:1      | raphialitos the Minotaur Fighter began the quest for the
                  | Orb.
     0 | D:1      | Reached XP level 1. HP: 19/19 MP: 0/0
    71 | D:1      | Reached XP level 2. HP: 23/27 MP: 1/1
   571 | D:1      | Reached XP level 3. HP: 33/33 MP: 2/2
   673 | D:1      | Found an iron altar of Okawaru.
   705 | D:1      | Reached skill level 3 in Axes
  1053 | D:2      | You fall into a shaft and drop 2 floors!
  1076 | D:4      | Noticed an ogre
  1085 | D:4      | Killed an ogre
  1085 | D:4      | Reached skill level 4 in Axes
  1085 | D:4      | Reached skill level 1 in Dodging
  1085 | D:4      | Reached XP level 4. HP: 13/40 MP: 3/3
  1085 | D:4      | Reached XP level 5. HP: 15/46 MP: 4/4
  1612 | D:4      | Found a sacrificial altar of Ru.
  1617 | D:4      | Reached skill level 5 in Axes
  1621 | D:4      | Became a worshipper of Ru the Awakened
  1672 | D:4      | Reached XP level 6. HP: 53/53 MP: 5/5
  1831 | D:4      | Reached skill level 5 in Shields
  2384 | D:5      | Entered Level 5 of the Dungeon
  2534 | D:5      | Reached skill level 5 in Fighting
  2534 | D:5      | Reached skill level 6 in Axes
  2556 | D:5      | Reached XP level 7. HP: 59/61 MP: 6/6
  2580 | D:5      | Found a staircase to the Ecumenical Temple.
  2714 | D:5      | Reached skill level 7 in Axes
  2714 | D:5      | Reached skill level 5 in Armour
  2831 | D:5      | Found Banoqit's Book Shop.
  3000 | D:5      | Reached XP level 8. HP: 50/69 MP: 7/7
  3005 | D:5      | Gained mutation: You cannot be stealthy. [Ru sacrifice]
  3142 | D:5      | Noticed Edmund
  3162 | D:5      | Killed Edmund
  3162 | D:5      | Reached skill level 8 in Axes
  3193 | D:5      | Reached skill level 1 in Slings
  3388 | D:6      | Noticed Eustachio
  3397 | D:6      | Killed Eustachio
  3398 | D:6      | Reached skill level 9 in Axes
  3977 | D:6      | Learned a level 1 spell: Infusion
  3980 | D:6      | Learned a level 2 spell: Shroud of Golubria
  3983 | D:6      | Learned a level 2 spell: Song of Slaying
  4028 | D:6      | Reached XP level 9. HP: 74/78 MP: 3/8
  4409 | D:6      | Found a runed translucent door.
  4410 | D:6      | Noticed Crazy Yiuf
  4527 | D:6      | Reached skill level 10 in Axes
  4722 | D:6      | Killed Crazy Yiuf
  4997 | D:7      | Noticed Duvessa
  5001 | D:7      | Noticed Dowan
  5011 | D:7      | Killed Duvessa
  5015 | D:7      | Killed Dowan
  5276 | D:7      | Found a snail-covered altar of Cheibriados.
  5481 | D:8      | Found an opulent altar of Gozag.
  5513 | D:8      | Reached skill level 11 in Axes
  5542 | D:8      | Gained mutation: You are hated by all. [Ru sacrifice]
  5542 | D:8      | Reached * piety under Ru
  5542 | D:8      | Reached ** piety under Ru
  5855 | D:8      | Found a shimmering altar of Xom.
  6196 | D:8      | Noticed Maurice
  6220 | D:8      | Killed Maurice
  6220 | D:8      | Reached XP level 10. HP: 72/88 MP: 9/9
  6420 | D:8      | Found a burning altar of Makhleb.
  6493 | D:8      | Reached skill level 1 in Throwing
  6890 | D:9      | Noticed a brown ugly thing
  6903 | D:9      | Killed a brown ugly thing
  6903 | D:9      | Reached skill level 12 in Axes
  7767 | D:10     | Entered Level 10 of the Dungeon
  7798 | D:10     | Noticed a two-headed ogre
  7807 | D:10     | Killed a two-headed ogre
  7960 | D:10     | Found a staircase to the Orcish Mines.
  7978 | Orc:1    | Entered Level 1 of the Orcish Mines
  7978 | Orc:1    | Found Hiuqoysa's Weapon Boutique.
  7980 | Orc:1    | Noticed an orc sorcerer
  7989 | Orc:1    | Paralysed by an orc sorcerer for 6 turns
  8004 | Orc:1    | Gained mutation: You are missing an eye, making it more
                  | difficult to aim. [Ru sacrifice]
  8004 | Orc:1    | Reached *** piety under Ru
  8004 | Orc:1    | Killed from afar by an orc sorcerer

Illustrated notes

Levels and vault maps discovered:
D:1:      dpeg_arrival_triangle_fractal, layout_basic, okawaru_ov_weapons_minmay
D:2:      layout_loops_ring, marbit_many_paths, old_standard_altar, first_ration
D:4:      layout_basic, nicolae_ru_awakened_eye
D:5:      layout_loops_ring, minmay_temple_entry_ruins, serial_shops,
          kennysheep_little_box, serial_bayou_pond_e, uniq_edmund
D:6:      layout_loops_ring, uniq_eustachio, uniq_crazy_yiuf_cottage
D:7:      layout_cave_pools, lemuel_crystal_altar, lemuel_round_altar,
          enter_ossuary_2, uniq_duvessa
D:8:      layout_rooms, grunt_gozag_breadcrumbs, basic_altar, grunt_livestock,
          makhleb_heckhound_becter, uniq_maurice
D:9:      layout_stronghold
D:10:     layout_stronghold, lair_entry_dummy, david_orc_2, serial_shops,
          nicolae_shop_crystal
Orc:1:    layout_caves, serial_shops, shop, nicolae_shop_waterfront,
          nicolae_shop_statue_plus, basic_altar, kennysheep_orc_chapel

Skill      XL: |  1  2  3  4  5  6  7  8  9 10 |
---------------+-------------------------------+-----
Shields        | 4 5 6 8 |  8.8
Fighting       | 4 5 6 7 8 |  8.7
Axes           | 4 5 6 7 9 11 12 | 12.7
Armour         | 4 5 6 7 8 |  8.0
Dodging        | 1 2 3 4 |  4.6
Slings         | 1 |  1.3
Throwing       | 1 |  1.1
Spellcasting   | |  0.7
Charms         | |  0.6

Action                   |  1- 3 |  4- 6 |  7- 9 | 10-12 || total
-------------------------+-------+-------+-------+-------++-------
Melee: War axe           |    67 |    96 |   316 |    98 ||   577
       Headbutt          |     5 |    12 |    73 |    20 ||   110
 Fire: Hunting sling     |       |       |     3 |       ||     3
Throw: Dart              |     4 |       |       |       ||     4
       Boomerang         |       |       |     4 |       ||     4
 Cast: Infusion          |       |       |       |     1 ||     1
Invok: Sacrifice Stealth |       |       |     1 |       ||     1
       Sacrifice Love    |       |       |     1 |       ||     1
       Sacrifice an Eye  |       |       |       |     1 ||     1
  Use: Scroll            |     2 |     2 |     4 |     4 ||    12
  Eat: Chunk             |     1 |     4 |     9 |     6 ||    20
       Ration            |       |       |     1 |       ||     1
Armor: Scale mail        |    40 |    36 |   126 |    37 ||   239
Dodge: Dodged            |    17 |    53 |   136 |    35 ||   241
Block: Kite shield       |    48 |    40 |   161 |    53 ||   302
